cohdb
Replays
Latest Replays
All Replays
Popular Replays
Top Player Replays
Match Explorer
How It Works
Community
CoH3 Stats
Reddit
Sign in to upload your games and track your stats! →
Sign in with Steam
Match 45485380
Unlisted
Match 45485380
Overview
Messages
Build Orders
End
Kradschützen Motorcycle Team
Selects Armored Support Battlegroup
Panzergrenadier Squad
Panzergrenadier Squad
Panzergrenadier Squad
Construct Light Support Kompanie
2.5-tonne Medical Truck
Construct Mechanized Kompanie
Veteran Squad Leaders
Selects Veteran Gunners
Selects Vehicle Awareness
Fire Support Elements
Construct Panzerarmee Kommand
Pak 38 Mechanized Group
Emergency Repair Kits
Combat Half-tracks
Panzer III L Medium Tank
Armored Reserves
Vehicle Survival Package
Walking Stuka Rocket Launcher
Tungsten Core Ammunition
Rapid Advance
BeMo
rpadi
SimplyFinny
MasterStef
0
0
Comments
sign in to comment!
No comments posted yet!